 Dungeon Crawl Stone Soup version 0.27.1-3-gb3d3a73c9e (webtiles) character file.

Game seed: 4773952332184064683

185749 ZARRMARR the Unseen (level 18, -6/129 HPs)
             Began as an Octopode Conjurer on Oct 23, 2021.
             Was an Initiate of Gozag.
             Shot with an arrow by a naga sharpshooter (19 damage)
             ... led by Vashnia
             ... on level 4 of the Snake Pit on Oct 24, 2021.
             The game lasted 04:09:36 (59437 turns).

ZARRMARR the Unseen (Octopode Conjurer)            Turns: 59437, Time: 04:09:36

Health: -6/129     AC:  7    Str: 18    XL:     18   Next: 45%
Magic:  38/60      EV: 20    Int: 41    God:    Gozag
Gold:   3114       SH:  9    Dex: 16    Spells: 18/39 levels left

rFire    + + +     SeeInvis +   y - +12 trident of the Final Decision {vorpal, rPois Str+4 Int+4 SInv}
rCold    + . .     Faith    .   P - +3 warlock's mirror {reflect}
rNeg     + . .     Spirit   .   E - +2 hat of Lies {+Inv MP+9 Str+2 Dex+4}
rPois    +         Reflect  +   D - amulet of regeneration
rElec    +         Harm     .   h - +6 ring of intelligence
rCorr    +         Rampage  .   M - ring of protection from fire
Will     +++..                  g - ring "Onecya" {rC+ Will+ AC+4 Str-4 Int+5}
Stlth    ++++++++..             b - ring of resist corrosion
HPRegen  1.31/turn              C - ring "Coel" {MP+9 Stlth+}
MPRegen  0.37/turn              u - ring "Cyurylun" {Will+ Str+6}
                                O - ring "Vaonad" {rF++ MP+9}
                                S - ring "Nouhyih" {rElec rN+ Str+3}

@: lethally poisoned (-6 -> -11), about to teleport, weakened, gold aura,
studying 2 skills
A: almost no armour, amphibious, 8 rings, camouflage 1, gelatinous body 1,
(nimble swimmer 1), tentacles
a: Renounce Religion, Evoke Invisibility, Potion Petition, Call Merchant, Bribe
Branch


You were on level 4 of the Snake Pit.
You worshipped Gozag.
Gozag was most pleased with you.
You visited 5 branches of the dungeon, and saw 28 of its levels.
You also visited: Gauntlet and Volcano.

You collected 10426 gold pieces.
You spent 4225 gold pieces at shops.
You paid 3087 gold pieces to Gozag.

Inventory:

Hand Weapons
 y - the +12 trident of the Final Decision (weapon) {vorpal, rPois Str+4 Int+4 SInv}
   (You bought it in a shop on level 10 of the Dungeon)

   It inflicts extra damage upon your enemies.
   Str:       It affects your strength (+4).
   Int:       It affects your intelligence (+4).
   rPois:     It protects you from poison.
   SInv:      It lets you see invisible.
Missiles
 G - a throwing net
 J - 7 curare-tipped darts
Armour
 E - the +2 hat of Lies (worn) {+Inv MP+9 Str+2 Dex+4}
   (You found it in a volcano)

   Str:       It affects your strength (+2).
   Dex:       It affects your dexterity (+4).
   MP:        It affects your magic capacity (+9).
   +Inv:      It lets you turn invisible.
 P - the +3 warlock's mirror (worn) {reflect}
   (You acquired it on level 1 of the Orcish Mines)

   It can block and reflect piercing ranged attacks and magical attacks against
   the wielder's willpower.
Jewellery
 b - a ring of resist corrosion (on tentacle)
 g - the ring "Onecya" (on tentacle) {rC+ Will+ AC+4 Str-4 Int+5}
   (You bought it in a shop on level 10 of the Dungeon)

   [ring of protection]

   AC:        It affects your AC (+4).
   Str:       It affects your strength (-4).
   Int:       It affects your intelligence (+5).
   rC:        It protects you from cold.
   Will:      It increases your willpower.
 h - a +6 ring of intelligence (left tentacle)
 u - the ring "Cyurylun" (on tentacle) {Will+ Str+6}
   (You bought it in a shop on level 10 of the Dungeon)

   [ring of strength]

   Str:       It affects your strength (+6).
   Will:      It increases your willpower.
 w - a ring of wizardry
 C - the ring "Coel" (on tentacle) {MP+9 Stlth+}
   (You bought it in a shop on level 10 of the Dungeon)

   [ring of magical power]

   MP:        It affects your magic capacity (+9).
   Stlth:     It makes you more stealthy.
 D - an amulet of regeneration (around mantle)
 M - a ring of protection from fire (right tentacle)
 O - the ring "Vaonad" (on tentacle) {rF++ MP+9}
   (You bought it in a shop on level 2 of the Orcish Mines)

   [ring of magical power]

   rF:        It greatly protects you from fire.
   MP:        It affects your magic capacity (+9).
 S - the ring "Nouhyih" (on tentacle) {rElec rN+ Str+3}
   (You took it off a minotaur in a Gauntlet)

   [ring of positive energy]

   Str:       It affects your strength (+3).
   rElec:     It insulates you from electricity.
   rN:        It protects you from negative energy.
 V - a ring of willpower
Wands
 q - a wand of iceblast (12)
 x - a wand of flame (14)
 A - a wand of digging (5)
 H - a wand of charming (8)
 K - a wand of polymorph (4)
 Q - a wand of acid (1)
 U - a wand of paralysis (18)
Scrolls
 c - 9 scrolls of teleportation
 d - a scroll of silence {unknown}
 f - 2 scrolls of fog
 i - 2 scrolls of enchant armour
 l - a scroll of fear {unknown}
 o - a scroll of brand weapon {unknown}
 p - 2 scrolls of immolation
 r - 2 scrolls of vulnerability
 L - 3 scrolls of magic mapping
 Y - a scroll of identify
Potions
 a - 4 potions of berserk rage
 j - 3 potions of invisibility
 k - 5 potions of ambrosia
 m - a potion of flight
 n - 6 potions of curing
 s - 4 potions of magic
 t - 6 potions of attraction
 v - 4 potions of haste
 z - 2 potions of brilliance
 F - 10 potions of might
 R - 3 potions of lignification
 T - 2 potions of mutation
 W - 2 potions of resistance {unknown}
Miscellaneous
 e - a phantom mirror
 I - a lightning rod (4/4)
 N - a phial of floods
 X - a piece from Xom's chessboard (15/15)


   Skills:
 + Level 13.4 Fighting
 + Level 10.1 Polearms
 + Level 12.3 Dodging
 + Level 16.3 Stealth
 + Level 6.5 Shields
 + Level 11.2 Spellcasting
 + Level 12.2 Conjurations
 - Level 3.0 Necromancy
 + Level 13.0 Translocations
 + Level 12.9 Evocations


You had 18 spell levels left.
You knew the following spells:

 Your Spells              Type           Power      Damage    Failure   Level
a - Magic Dart            Conj           100%       1d8       0%          1
b - Searing Ray           Conj           100%       3d7       0%          2
d - Iskenderun's Mystic   Conj/Tloc      91%        2d18      1%          4
e - Blink                 Tloc           N/A        N/A       0%          2
f - Fulminant Prism       Conj/Hex       32%        3d16      1%          4
g - Passage of Golubria   Tloc           N/A        N/A       1%          4
h - Dispel Undead         Necr           47%        3d18      4%          4

Your spell library contained the following spells:

 Spells                   Type           Power      Damage    Failure   Level
 Animate Skeleton         Necr           94%        N/A       1%          1
 Beastly Appendage        Tmut           46%        N/A       1%          1
 Foxfire                  Conj/Fire      100%       2x1d9     1%          1
 Freeze                   Ice            92%        1d10      1%          1
 Pain                     Necr           100%       1d9       1%          1
 Corpse Rot               Necr/Air       N/A        N/A       1%          2
 Dazzling Flash           Conj/Hex       100%       N/A       1%          3
 Lesser Beckoning         Tloc           46%        N/A       1%          3
 Mephitic Cloud           Conj/Pois/Air  54%        N/A       1%          3
 Vampiric Draining        Necr           23%        2d9       1%          3
 Hailstorm                Conj/Ice       65%        3d14      1%          4
 Sticky Flame             Conj/Fire      65%        2d8       1%          4
 Iskenderun's Battlesphe  Conj           89%        2d14      1%          5
 Manifold Assault         Tloc           92%        N/A       1%          5
 Call Imp                 Summ           23%        N/A       2%          2
 Ensorcelled Hibernation  Hex/Ice        46%        N/A       2%          2
 Wereblood                Tmut           23%        N/A       2%          2
 Fireball                 Conj/Fire      32%        3d14      3%          5
 Irradiate                Conj/Tmut      32%        3d24      3%          5
 Lightning Bolt           Conj/Air       32%        1d50      3%          5
 Frozen Ramparts          Ice            46%        1d6       4%          3
 Ignite Poison            Fire/Tmut/Pois 23%        N/A       4%          3
 Spider Form              Tmut/Pois      11%        N/A       4%          3
 Orb of Destruction       Conj           44%        9d14      9%          7
 Airstrike                Air            11%        N/A       14%         4
 Ice Form                 Ice/Tmut       23%        N/A       14%         4
 Summon Ice Beast         Ice/Summ       23%        N/A       14%         4
 Summon Lightning Spire   Summ/Air       23%        N/A       14%         4
 Conjure Ball Lightning   Conj/Air       32%        3x3d10    19%         6
 Starburst                Conj/Fire      32%        6d10      19%         6
 Silence                  Hex/Air        11%        N/A       38%         5
 Death Channel            Necr           23%        N/A       54%         6
 Spellforged Servitor     Conj/Summ      32%        N/A       69%         7
 Shadow Creatures         Summ           N/A        N/A       92%         6
 Lehudib's Crystal Spear  Conj/Erth      32%        10d8      100%        8


Dungeon Overview and Level Annotations

Branches:
Dungeon (15/15)            Temple (1/1) D:6            Lair (6/6) D:10
 Shoals (0/4) Lair:2        Snake (4/4) Lair:3        Slime (0/5) Lair:6
    Orc (2/2) D:12            Elf (0/3) Orc:2        Vaults (0/5) D:14
 Depths (0/5) D:15        Volcano (visited)         Gauntlet (visited)

Altars:
Ashenzari
Cheibriados
Dithmenos
Elyvilon
Fedhas
Gozag
Hepliaklqana
Kikubaaqudgha
Makhleb
Nemelex Xobeh
Okawaru
Qazlal
Ru
Sif Muna
Trog
Uskayaw
Vehumet
Wu Jian
Xom
Yredelemnul
Zin
The Shining One
Beogh
Jiyva

Shops:
D:10 *=(=   D:11 (   Orc:2 **([=?

Annotations:
D:13 exclusion: death knight
Snake:4 exclusion: 2 doors, Vashnia


Innate Abilities, Weirdness & Mutations

You cannot wear most types of armour.
You are amphibious.
You can wear up to eight rings at the same time.
Your skin changes colour to match your surroundings (Stealth+).
Your rubbery body absorbs attacks. (AC +1, EV +1)
((You are camouflaged near water. (Stealth+)))
You have tentacles for arms and can constrict up to eight enemies at once.


Message History

The bolt barely misses you.
The bolt barely misses the naga sharpshooter.
The nagaraja points at you and mumbles some strange words.
The bolt of poison hits you! You resist.
* * * LOW HITPOINT WARNING * * *
The nagaraja casts a spell at you.
Your naga mage is firmly anchored in space.
The naga sharpshooter shoots an arrow.
The arrow closely misses you.
The arrow hits Vashnia!!
The naga sharpshooter spits poison at you.
The splash of poison hits you.
You are more poisoned.
You resist.
* * * LOW HITPOINT WARNING * * *
Unknown command.
Unknown command.
Unknown command.
Unknown command.
As you read the scroll of teleportation, it crumbles to dust.
You feel strangely unstable.
You feel sick.
Vashnia gestures wildly while chanting.
Vashnia magically shoots a bolt.
The bolt completely misses you.
The guardian serpent coils itself and waves its upper body at you.
The bolt of poison misses you.
The naga sharpshooter shoots a bolt.
The bolt hits your salamander!
Your black mamba bites the nagaraja!
The nagaraja gestures at you while chanting.
The poison arrow hits you!
You are more poisoned.
You partially resist.
* * * LOW HITPOINT WARNING * * *
Your shock serpent bites the naga sharpshooter.
Your shock serpent shocks the naga sharpshooter!
The nagaraja hits your naga mage with a +0 spear!!
The nagaraja grabs your naga mage. The nagaraja constricts your naga mage.
The naga sharpshooter shoots an arrow.
You reflect the arrow off your +3 warlock's mirror {reflect}!
The arrow hits the naga sharpshooter!
The naga sharpshooter shoots an arrow.
The arrow hits you!!
You die...
Your body crumbles into a pile of gold.

,**,,,,*#.$.##.....#
#.###.#...
**,,,,,,*#...#.....#
##.###.#...
*,,,,,,,,*#.$'N#.###
##.....(#...
*,,,,,,,,*#..N.#.#
##..#.####...
**,,,,,,*#...#≈S.# #..#..#
#... ,**,,,,*#...##..##
#.##.## ####
,,**,,*#...##.N≈# ###.##.#
,,,**,,...#*##N.###......#
,,,,,,,..####NNN@N.N##.###
,,,,,,,.##.#N.SN.NS###.#
,,**,,,##..#.###N..$$$.##
,**,,,*#.....# ###..$...##
**,,,**#...###
###.#$<.######## *,,,**
#...# ###.#$#........$
,,,**
#...#######...#...$...####
,,**
#...##......###.......#
,*######...##.######
#.......#


You could see Vashnia (strong), a naga warrior (catching breath), 2 nagarajas, 4
naga sharpshooters, a guardian serpent, a friendly nagaraja (summoned), a
friendly naga sharpshooter (summoned), a friendly salamander (summoned), a
friendly shock serpent (summoned), a friendly black mamba (summoned), a friendly
naga mage (summoned, anchored) and a friendly naga (summoned).

Vanquished Creatures
  Jorgrun (Snake:2)
  Asterion (Snake:3)
  The ghost of Akuuror the Warrior, an adept GrFi of Okawaru (Snake:1)
  3 nagarajas
  The ghost of mif the Severer, a journeyman MiBe of Trog (Snake:2)
  3 dire elephants (Lair:6)
  A minotaur (Gauntlet)
  A blizzard demon (Gauntlet)
  An ettin (Orc:1)
  The ghost of Ypehuijo the Spear-Bearer, a journeyman OpFi of Gozag (Lair:5)
  A great orb of eyes (D:14)
  4 boulder beetles
  16 naga warriors
  2 ogre magi (D:15)
  A catoblepas (D:14)
  4 salamander tyrants
  5 hydras
  14 two-headed ogres
  7 centaur warriors
  13 anacondas
  7 death yaks
  2 orc high priests (Orc:1)
  Urug (Orc:1)
  A tengu warrior (D:14)
  The ghost of Whoops the Cudgeller, a novice DjFi of the Shining One (D:9)
  Sonja (D:12)
  8 naga sharpshooters
  2 spectral death yaks (Lair:6)
  5 salamander mystics
  7 skeletal warriors
  The ghost of Daunt the Gouger, a novice FeEn of Ashenzari (Lair:2)
  A spectral anaconda (Lair:6)
  An obsidian statue (Lair:6)
  A phantasmal warrior (D:15)
  A shadow dragon zombie (D:15)
  A wizard (D:14)
  5 naga ritualists
  5 deep elf pyromancers
  A spectral hydra (Lair:2)
  4 necromancers
  10 mana vipers
  3 orc sorcerers
  2 ugly things (D:12)
  The ghost of Urokeeper the Sneak, a novice HuBr (D:6)
  10 orc knights
  3 manticores
  A tengu skeleton (D:15)
  7 cyclopes
  15 salamanders
  2 moths of wrath (Lair:5)
  2 spriggan zombies (D:15)
  16 naga magi
  A merfolk siren (Lair:2)
  Maurice (D:11)
  28 black mambas
  25 elephants
  5 gargoyles
  3 guardian serpents
  15 cane toads
  A dire elephant zombie (Lair:6)
  2 molten gargoyles (D:14)
  2 unseen horrors
  4 torpor snails (Lair:4)
  2 rime drakes
  9 komodo dragons
  3 kobold demonologists
  A tengu conjurer (D:14)
  8 trolls
  2 polar bears
  2 hornets (Lair:5)
  17 blink frogs
  A spectral black mamba (Lair:2)
  A harpy skeleton (Volcano)
  3 flying skulls (Volcano)
  2 shadows
  An alligator skeleton (Volcano)
  7 spriggans (Lair:5)
  58 yaks
  A wraith (D:12)
  4 fire elementals (D:14)
  5 wyverns
  7 basilisks
  2 steam dragons
  2 death yak simulacra
  5 vampire mosquitoes
  3 spectral cane toads (Lair:6)
  5 wargs
  47 nagas
  2 hydra simulacra (Lair:2)
  3 large abominations (Gauntlet)
  16 water moccasins
  Duvessa (D:5)
  41 orc warriors
  5 black bears
  2 sky beasts
  A black bear (shapeshifter) (D:15)
  A necrophage (D:6)
  3 elephant zombies (Lair:6)
  14 ogres
  9 wolves
  21 centaurs
  2 elephant skeletons (Lair:6)
  A phantom (D:6)
  11 bullfrogs
  9 kobold brigands (D:9)
  5 small abominations (Gauntlet)
  3 gnoll sergeants
  A cane toad simulacrum (Lair:2)
  Dowan (D:5)
  A water moccasin zombie (D:7)
  4 scorpions (D:5)
  An elephant simulacrum (Lair:6)
  3 troll skeletons (Volcano)
  18 wights
  4 howler monkeys
  4 lava snakes (D:14)
  8 centaur zombies
  A hound (D:6)
  A gnoll shaman (D:6)
  4 jellies
  19 orc priests
  An iguana (D:6)
  16 orc wizards
  A killer bee zombie (D:6)
  A hound skeleton (D:4)
  A mummy (D:12)
  2 howler monkey zombies
  9 adders
  12 gnolls
  A shadow imp (D:6)
  An adder skeleton (D:4)
  4 worms
  A dart slug (D:1)
  84 orcs
  7 ball pythons
  7 endoplasms
  5 giant cockroaches
  6 goblins
  7 hobgoblins
  7 kobolds
  A quokka (D:1)
  7 bats
  3 frilled lizards
  7 rats
905 creatures vanquished.

Vanquished Creatures (collateral kills)
  A naga sharpshooter (Snake:3)
  A salamander mystic (Snake:3)
  A salamander (Snake:3)
3 creatures vanquished.

Vanquished Creatures (others)
  2 dancing weapons (D:14)
  4 fulminant prisms (Lair:6)
  59 fungi
  62 plants
  35 withered plants
162 creatures vanquished.

Grand Total: 1070 creatures vanquished

Notes
Turn   | Place    | Note
-------+----------+-------------------------------------------
     0 | D:1      | ZARRMARR the Octopode Conjurer began the quest for the Orb.
     0 | D:1      | Reached XP level 1. HP: 11/11 MP: 3/3
   198 | D:1      | Reached XP level 2. HP: 18/18 MP: 1/5
   892 | D:1      | Reached XP level 3. HP: 22/22 MP: 2/6
   932 | D:1      | Found a faded altar of an unknown god.
  1173 | D:2      | Reached skill level 3 in Stealth
  1391 | D:2      | Reached skill level 1 in Fighting
  1391 | D:2      | Reached skill level 1 in Evocations
  1939 | D:2      | Reached XP level 4. HP: 27/28 MP: 3/7
  2799 | D:3      | Learned a level 2 spell: Searing Ray
  2930 | D:3      | Found an iron altar of Okawaru.
  3278 | D:3      | Noticed a black bear
  3508 | D:3      | Killed a black bear
  3509 | D:3      | Reached skill level 4 in Stealth
  3509 | D:3      | Reached XP level 5. HP: 34/34 MP: 0/9
  4295 | D:4      | Reached XP level 6. HP: 39/39 MP: 5/10
  4710 | D:4      | Noticed a black bear
  4714 | D:4      | Killed a black bear
  4853 | D:4      | Found a shimmering altar of Xom.
  4853 | D:4      | Found a basalt altar of Yredelemnul.
  4861 | D:4      | Found a faded altar of an unknown god.
  4863 | D:4      | Found a shimmering blue altar of Sif Muna.
  4865 | D:4      | Found a faded altar of an unknown god.
  5037 | D:5      | Entered Level 5 of the Dungeon
  5037 | D:5      | Noticed a sky beast
  5105 | D:5      | Reached skill level 5 in Conjurations
  5105 | D:5      | Reached XP level 7. HP: 45/45 MP: 6/11
  5276 | D:5      | Reached skill level 5 in Stealth
  5370 | D:5      | Noticed Duvessa
  5412 | D:5      | Killed Duvessa
  5422 | D:5      | Noticed Dowan
  5427 | D:5      | Killed Dowan
  5541 | D:5      | Reached XP level 8. HP: 43/52 MP: 2/13
  5835 | D:5      | Learned a level 4 spell: Iskenderun's Mystic Blast
  5918 | D:5      | Found a snail-covered altar of Cheibriados.
  6096 | D:6      | Reached skill level 6 in Stealth
  6205 | D:6      | Reached skill level 1 in Translocations
  6410 | D:6      | Found a large runed translucent door.
  6410 | D:6      | Found a large runed translucent door.
  6476 | D:6      | Reached XP level 9. HP: 58/58 MP: 8/15
  6600 | D:6      | Reached skill level 7 in Stealth
  6634 | D:6      | Reached skill level 5 in Dodging
  7088 | D:6      | Found a hide-covered altar of Uskayaw.
  7150 | D:6      | Found a staircase to the Ecumenical Temple.
  7250 | D:6      | Noticed Urokeeper's ghost (novice HuBr)
  7298 | Temple   | Entered the Ecumenical Temple
  7774 | Temple   | Became a worshipper of Gozag Ym Sagoz the Greedy
  8404 | D:7      | Reached skill level 5 in Evocations
  8555 | D:7      | Found a sacrificial altar of Ru.
  8746 | D:7      | Noticed a cyclops
  9055 | D:7      | Reached skill level 5 in Spellcasting
  9710 | D:8      | Reached skill level 5 in Fighting
  9710 | D:8      | Reached skill level 8 in Stealth
  9884 | D:8      | Reached XP level 10. HP: 66/66 MP: 11/17
 11379 | D:9      | Noticed a two-headed ogre
 11745 | D:9      | Reached skill level 9 in Stealth
 11752 | D:9      | Noticed a two-headed ogre
 12017 | D:9      | Found a broken altar of Ashenzari.
 12130 | D:9      | Found a radiant altar of Vehumet.
 12260 | D:9      | Found a glowing golden altar of the Shining One.
 12277 | D:9      | Killed a two-headed ogre
 12570 | D:9      | Found a sparkling altar of Nemelex Xobeh.
 12600 | D:9      | Found a runed translucent gate.
 12600 | D:9      | Found a runed translucent gate.
 12600 | D:9      | Found a runed translucent gate.
 12601 | D:9      | Noticed a kobold demonologist
 12602 | D:9      | Noticed a kobold demonologist
 12603 | D:9      | Noticed Whoops's ghost (novice DjFi)
 13018 | D:9      | Killed a two-headed ogre
 13019 | D:9      | Reached skill level 5 in Translocations
 13019 | D:9      | Reached XP level 11. HP: 14/72 MP: 6/20
 13587 | D:10     | Entered Level 10 of the Dungeon
 13925 | D:10     | Found a stormy altar of Qazlal.
 13926 | D:10     | Found a white marble altar of Elyvilon.
 14163 | D:10     | Noticed a death yak
 14242 | D:10     | Killed a death yak
 14305 | D:10     | Reached skill level 10 in Stealth
 14466 | D:10     | Found a staircase to the Lair.
 14521 | D:10     | Noticed a two-headed ogre
 14529 | D:10     | Killed a two-headed ogre
 15006 | D:10     | Learned a level 2 spell: Blink
 15037 | D:10     | Learned a level 4 spell: Fulminant Prism
 15043 | D:10     | Bought a faintly glowing trident for 153 gold pieces
 15043 | D:10     | Identified the +12 trident of the Final Decision {vorpal,
                  | rPois Str+4 Int+4 SInv} (You bought it in a shop on level
                  | 10 of the Dungeon)
 15052 | Lair:1   | Entered Level 1 of the Lair of Beasts
 15201 | D:10     | Reached skill level 1 in Polearms
 15349 | Lair:1   | Found a dark tunnel.
 15355 | Volcano  | Entered a volcano
 15640 | Volcano  | Noticed a skeletal warrior
 15657 | Volcano  | Killed a skeletal warrior
 16050 | Volcano  | Noticed a skeletal warrior
 16065 | Volcano  | Reached XP level 12. HP: 81/81 MP: 9/22
 16957 | Volcano  | Identified the +2 hat of Lies {+Inv MP+9 Str+2 Dex+4}
 17811 | Lair:1   | Noticed a six-headed hydra
 17817 | Lair:1   | Killed a six-headed hydra
 17818 | Lair:1   | Reached skill level 11 in Stealth
 18978 | Lair:2   | Found a staircase to the Shoals.
 19025 | Lair:2   | Found a runed translucent gate.
 19025 | Lair:2   | Found a runed translucent gate.
 19025 | Lair:2   | Found a runed translucent gate.
 19212 | Lair:2   | Noticed Daunt's ghost (novice FeEn)
 19495 | Lair:2   | Found a burning altar of Makhleb.
 21431 | Lair:2   | Reached XP level 13. HP: 82/88 MP: 5/24
 21435 | Lair:2   | Killed Daunt's ghost
 22034 | D:10     | Bought the ring "Coel" {MP+9 Stlth+} for 387 gold pieces
 22327 | Lair:3   | Found a staircase to the Snake Pit.
 22756 | Lair:3   | Found a shimmering blue altar of Sif Muna.
 23574 | Lair:4   | Reached skill level 12 in Stealth
 23949 | Lair:4   | Found a snail-covered altar of Cheibriados.
 25032 | Lair:4   | Reached skill level 5 in Polearms
 26376 | D:10     | Bought the ring "Cyurylun" {Will+ Str+6} for 924 gold
                  | pieces
 26469 | D:9      | Killed Whoops's ghost
 27425 | D:6      | Killed Urokeeper's ghost
 27795 | Lair:5   | Found a transporter.
 27811 | Lair:5   | Found a bloodstained altar of Trog.
 27811 | Lair:5   | Noticed Ypehuijo's ghost (journeyman OpFi)
 27818 | Lair:5   | Found a transporter.
 27829 | Lair:5   | Learned a level 4 spell: Passage of Golubria
 27834 | Lair:5   | Learned a level 4 spell: Dispel Undead
 28112 | Lair:5   | Reached skill level 1 in Necromancy
 28119 | Lair:5   | Reached XP level 14. HP: 86/97 MP: 26/26
 29263 | Lair:5   | Reached skill level 13 in Stealth
 29305 | Lair:4   | Reached skill level 10 in Evocations
 30015 | Lair:5   | Killed Ypehuijo's ghost
 30270 | D:10     | Bought a black potion for 27 gold pieces
 30349 | Lair:6   | Entered Level 6 of the Lair of Beasts
 31364 | Lair:6   | Reached skill level 10 in Dodging
 31696 | Lair:6   | Found a staircase to the Slime Pits.
 31719 | Lair:6   | Found a viscous altar of Jiyva.
 31830 | Lair:6   | Noticed a dire elephant
 31830 | Lair:6   | Noticed a dire elephant
 31830 | Lair:6   | Noticed a dire elephant
 31987 | Lair:6   | Reached skill level 10 in Conjurations
 32418 | Lair:6   | Killed a dire elephant
 33245 | Lair:6   | Reached XP level 15. HP: 103/103 MP: 28/28
 34631 | D:11     | Noticed Maurice
 34637 | D:11     | Killed Maurice
 34638 | D:11     | Reached skill level 10 in Fighting
 34925 | D:11     | Found Egiuttuxt's Antique Weapon Emporium.
 34937 | D:11     | Bought an iridescent demon trident for 480 gold pieces
 34937 | D:11     | Identified the +3 demon trident of the End of Times {pain,
                  | *Noise Int+2 SInv} (You bought it in a shop on level 11 of
                  | the Dungeon)
 35492 | D:12     | Noticed Sonja
 35495 | D:12     | Killed Sonja
 35502 | D:12     | Found a staircase to the Orcish Mines.
 35549 | D:12     | Found a gate leading to a gauntlet.
 35562 | Gauntlet | Entered a Gauntlet
 35562 | Gauntlet | Found a large runed translucent door.
 35562 | Gauntlet | Found a large runed translucent door.
 35562 | Gauntlet | Found a large runed translucent door.
 35562 | Gauntlet | Found a large runed translucent door.
 35562 | Gauntlet | Found a runed translucent door.
 35562 | Gauntlet | Found a large runed translucent door.
 35562 | Gauntlet | Found a large runed translucent door.
 35562 | Gauntlet | Found a transporter.
 35562 | Gauntlet | Found a transporter.
 35562 | Gauntlet | Found a large runed translucent door.
 35562 | Gauntlet | Found a large runed translucent door.
 35562 | Gauntlet | Found a runed translucent gate.
 35562 | Gauntlet | Found a runed translucent gate.
 35562 | Gauntlet | Found a transporter.
 35596 | Gauntlet | Found a transporter.
 35599 | Gauntlet | Found a transporter.
 35600 | Gauntlet | Found a runed translucent gate.
 35600 | Gauntlet | Found a runed translucent door.
 35604 | Gauntlet | Found a large runed translucent door.
 35604 | Gauntlet | Found a large runed translucent door.
 35605 | Gauntlet | Found a large runed translucent door.
 35606 | Gauntlet | Found a large runed translucent door.
 35610 | Gauntlet | Found a transporter.
 35615 | Gauntlet | Found a large runed translucent door.
 35615 | Gauntlet | Found a large runed translucent door.
 35617 | Gauntlet | Found a transporter.
 35635 | Gauntlet | Found a transporter.
 35635 | Gauntlet | Found a transporter.
 35688 | Gauntlet | Found a large runed translucent door.
 35688 | Gauntlet | Found a large runed translucent door.
 35704 | Gauntlet | Found a transporter.
 35719 | Gauntlet | Found a transporter.
 35729 | Gauntlet | Found a transporter.
 35907 | Gauntlet | Reached skill level 14 in Stealth
 36143 | Gauntlet | Identified the +1 pair of boots of Classification {Str+3}
 36190 | Gauntlet | Identified the +7 ring mail "Reguth" {Drain rF++ Int+8
                  | Dex+3 Stlth+}
 36190 | Gauntlet | Identified the ring "Nouhyih" {rElec rN+ Str+3}
 36218 | Gauntlet | Identified the ring of Kedefor {Fire rPois}
 36456 | D:12     | Found a snail-covered altar of Cheibriados.
 36754 | D:12     | Identified the +4 war axe "Zatzeed" {freeze, rN+}
 36966 | D:12     | Reached skill level 1 in Shields
 37390 | Orc:1    | Entered Level 1 of the Orcish Mines
 37450 | Orc:2    | Entered Level 2 of the Orcish Mines
 37634 | Orc:2    | Found Umin's Assorted Antiques.
 37703 | Orc:2    | Found Ojyar's Assorted Antiques.
 38371 | Orc:2    | Reached skill level 10 in Translocations
 39151 | Orc:2    | Found Kuodoo's Magic Scroll Boutique.
 39151 | Orc:2    | Found Kitt's Jewellery Shoppe.
 39157 | Orc:2    | Bought a scroll of acquirement for 780 gold pieces
 39166 | Orc:2    | Bought the ring "Vaonad" {rF++ MP+9} for 667 gold pieces
 39565 | Orc:2    | Found Lafadem's Armour Boutique.
 39565 | Orc:2    | Found Quujos's Antique Weapon Shoppe.
 39621 | Orc:2    | Found a staircase to the Elven Halls.
 40250 | Orc:1    | Found a transporter.
 40520 | Orc:1    | Noticed Urug
 40534 | Orc:1    | Killed Urug
 40874 | Orc:1    | Found a transporter.
 41083 | Orc:1    | Acquired the Papyrus of Fiery Damage Dealing
 41085 | Orc:1    | Acquired the +3 warlock's mirror {reflect}
 41085 | Orc:1    | Found the +3 warlock's mirror {reflect}
 41432 | Orc:1    | Reached XP level 16. HP: 111/111 MP: 29/29
 42778 | D:14     | Reached skill level 10 in Spellcasting
 42826 | D:14     | Found an iron altar of Okawaru.
 43271 | D:14     | Found a broken altar of Ashenzari.
 43384 | D:14     | Found a gate to the Vaults.
 44784 | D:14     | Found a shimmering blue altar of Sif Muna.
 45164 | D:15     | Entered Level 15 of the Dungeon
 45181 | D:15     | Reached skill level 15 in Stealth
 45977 | D:15     | Found a staircase to the Depths.
 47113 | D:15     | Found a glowing silver altar of Zin.
 47113 | D:15     | Found a glowing golden altar of the Shining One.
 47113 | D:15     | Found a white marble altar of Elyvilon.
 47556 | Snake:1  | Entered Level 1 of the Snake Pit
 48363 | Snake:1  | Noticed Akuuror's ghost (adept GrFi)
 48366 | Snake:1  | Found a runed translucent gate.
 48366 | Snake:1  | Found a runed translucent gate.
 48366 | Snake:1  | Found a runed translucent gate.
 48902 | Snake:1  | Reached XP level 17. HP: 119/119 MP: 31/31
 50055 | Snake:1  | Killed Akuuror's ghost
 50228 | Snake:1  | Identified the +2 pair of boots of Instinct {rC+ Int+2}
 51163 | D:10     | Bought the ring "Onecya" {rC+ Will+ AC+4 Str-4 Int+5} for
                  | 807 gold pieces
 51694 | Snake:2  | Found a runed translucent gate.
 51695 | Snake:2  | Found a runed translucent gate.
 51695 | Snake:2  | Noticed mif's ghost (journeyman MiBe)
 51712 | Snake:2  | Found a runed translucent gate.
 51814 | Snake:2  | Noticed Jorgrun
 52545 | Snake:2  | Reached skill level 5 in Shields
 53432 | Snake:2  | Killed Jorgrun
 53694 | Snake:2  | Killed mif's ghost
 54785 | Snake:3  | Noticed Asterion
 55183 | Snake:3  | Found a shimmering blue altar of Sif Muna.
 55289 | Snake:3  | Killed Asterion
 56859 | Snake:4  | Entered Level 4 of the Snake Pit
 57005 | Snake:4  | Noticed Vashnia
 57135 | Snake:4  | Reached skill level 16 in Stealth
 57151 | Snake:4  | Reached XP level 18. HP: 128/128 MP: 12/33
 58254 | Snake:4  | Reached skill level 10 in Polearms
 59437 | Snake:4  | Shot with an arrow by a naga sharpshooter

Illustrated notes

Levels and vault maps discovered:
D:1:      erik_arrival_blinker_ship, layout_basic,
          shapermc_ecumenical_altar_starsandcircs
D:2:      layout_loops_corners, minmay_pentomino_q4
D:3:      layout_basic, mainiacjoe_overflow_chevrons,
          chequers_serial_rivers_small_3
D:4:      layout_rooms, chequers_temple_overflow_minitemple,
          columned_hall_lemuel, minmay_misc_feat_tower
D:5:      layout_rooms, mainiacjoe_overflow_alcove_4, uniq_duvessa
D:6:      layout_rooms, mainiacjoe_overflow_surrounded_room,
          minmay_temple_entry_proselytizer, ebering_ghost_disaster_area
D:7:      layout_basic, nicolae_ru_sacrificial_ziggurat
D:8:      layout_rooms
D:9:      layout_cave_pods, nicolae_vehumet_radiance, amcnicky_altar_gilded,
          tso_metal_star, mainiacjoe_overflow_boulevard,
          gammafunk_ghost_nasty_kobolds, st_stairs_14
D:10:     layout_basic, gammafunk_temple_overflow_wave, david_lair_generic
D:11:     layout_loops_ring, serial_shops, shop, uniq_maurice
D:12:     layout_basic, orc_0_dummy, gauntlet_entry_generic, slow_altar_1,
          uniq_sonja
D:13:     layout_roguey
D:14:     layout_basic, erik_vaults_1, ashenzari_conservatory_becter,
          hangedman_feature_mirror
D:15:     gammafunk_depths_entry_grave, layout_cave_pools, good_gods_mini_temple
Temple:   jpeg_temple_island
Lair:1:   layout_small_grid, enter_volcano_4, infiniplex_staircase_pool
Lair:2:   layout_concentric_octagons, minmay_shoals_entry_lonely_mermaid,
          gammafunk_ghost_necromancy, lemuel_centaur_altar
Lair:3:   layout_misc_corridors, minmay_snake_entry_guardpost_medium,
          basic_altar, infiniplex_staircase_pool_2
Lair:4:   layout_layer_cave, kennysheep_snail_temple, lemuel_fruit_tree
Lair:5:   layout_hall_layers, gammafunk_ghost_wrathful_warriors
Lair:6:   due_jungle_book, layout_regular_city, slime_altar_1
Snake:1:  layout_chambers, gammafunk_ghost_split,
          nicolae_snake_serpentine_hallways, serial_bayou_shore_b
Snake:2:  layout_layer_cave, gammafunk_ghost_split, st_stairs_6, uniq_jorgrun
Snake:3:  layout_layer_cave, basic_altar, uniq_asterion
Snake:4:  johnstein_snake_rune_scales, layout_rooms, serial_curves,
          eino_curves_04, eino_curves_04, nicolae_snake_coiling_death,
          uniq_vashnia
Orc:1:    gammafunk_beogh_shrine, layout_diamond_mine,
          nicolae_orc_flooded_monolith, uniq_urug
Orc:2:    st_orc_town, layout_diamond_mine, serial_shops, shop, shop

Skill      XL: |  1  2  3  4  5  6  7  8  9 10 11 12 13 14 15 16 17 18 |
---------------+-------------------------------------------------------+-----
Stealth        | 3 4 5 6 8 9 10 11 12 13 14 15 16 | 16.3
Fighting       | 1 2 3 4 5 6 7 8 9 10 11 13 | 13.4
Evocations     | 1 2 3 4 5 6 7 8 9 10 11 12 | 12.9
Dodging        | 3 4 5 6 7 8 9 10 11 12 | 12.3
Spellcasting   | 3 4 5 6 7 8 9 10 11 | 11.2
Conjurations   | 5 6 7 8 9 10 11 12 | 12.2
Translocations | 2 3 5 6 7 9 10 11 12 13 | 13.0
Polearms       | 1 4 5 6 8 9 10 | 10.1
Necromancy     | 1 3 |  3.0
Shields        | 2 4 6 |  6.5

Action                   |  1- 3 |  4- 6 |  7- 9 | 10-12 | 13-15 | 16-18 || total
-------------------------+-------+-------+-------+-------+-------+-------++-------
Melee: Unarmed           |     2 |       |       |       |       |       ||     2
       Constrict         |     4 |     3 |     2 |     3 |    11 |     1 ||    24
       Short sword       |    20 |     5 |       |       |       |       ||    25
       Tentacles         |     4 |     1 |     2 |     7 |    21 |     3 ||    38
       Dagger            |       |     7 |       |       |       |       ||     7
       Staff             |       |       |     7 |     7 |       |       ||    14
       Trident           |       |       |       |    28 |   108 |    32 ||   168
Throw: Throwing net      |       |       |       |     1 |       |       ||     1
       Dart              |       |       |       |       |     3 |     6 ||     9
 Cast: Magic Dart        |    60 |    52 |    99 |   134 |   345 |   305 ||   995
       Searing Ray       |       |    20 |    54 |   142 |   320 |   308 ||   844
       Iskenderun's Myst |       |       |     1 |    75 |   241 |   310 ||   627
       Blink             |       |       |       |     2 |       |       ||     2
       Fulminant Prism   |       |       |       |       |     4 |       ||     4
       Dispel Undead     |       |       |       |       |     2 |    29 ||    31
Invok: Call Merchant     |       |       |       |     1 |     2 |     1 ||     4
Evoke: Wand              |       |       |     5 |    27 |    46 |    22 ||   100
  Use: Scroll            |     2 |     6 |     1 |     9 |     8 |    15 ||    41
       Potion            |       |       |       |       |     3 |    10 ||    13
 Stab: Distracted        |       |       |       |       |     1 |     1 ||     2
Armor: Skin              |       |     1 |     1 |     3 |    14 |    20 ||    39
Dodge: Dodged            |    12 |    12 |    28 |   137 |   213 |   238 ||   640
Block: Kite shield       |       |       |       |       |    33 |       ||    33
       Reflection        |       |       |       |       |    10 |    86 ||    96
       Buckler           |       |       |       |       |     6 |   148 ||   154
